TOP OF THE 1ST |
Punta Cana Hutias batting - Pitching for Fort Collins Commoners : LHP Anderson Jackson
|
Pitching: LHP Anderson Jackson
|
|
Batting: RHB Miguel Gutiérrez
|
0-0: Ball 1-0: Called Strike 1-1: Ball 2-1: Ball 3-1: Foul Ball, location: 2F 3-2: Foul Ball, location: 2F 3-2: Base on Balls
|
Batting: RHB Bill Valdéz
|
0-0: Called Strike 0-1: Ball 1-1: Ball 2-1: Foul Ball, location: 2F 2-2: Foul Ball, location: 2F 2-2: SINGLE (Line Drive, 6D) Miguel Gutiérrez to second
|
Batting: LHB Norberto Garza
|
0-0: Fly out, F7 (Flyball, 78XD) Runner from 2nd tags up, SAFE at 3rd, no throw
|
Batting: RHB Thomas English
|
0-0: Ball 1-0: Foul Ball, location: 2F 1-1: Ball 2-1: Hit by Pitch Bill Valdéz to second
|
Batting: RHB Stephen Welshman
|
0-0: Ball 1-0: Ball 2-0: Foul Ball, location: 2F 2-1: Called Strike 2-2: Foul Ball, location: 2F 2-2: SINGLE (Line Drive, 78S) Miguel Gutiérrez scores Bill Valdéz to third Thomas English to second
|
Batting: SHB Roy Johnston
|
0-0: Swinging Strike 0-1: Called Strike 0-2: Ball 1-2: Strikes out looking
|
Batting: LHB Ramón Ávila
|
0-0: Ball 1-0: Fly out, F8 (Flyball, 8LXD)
|
Top of the 1st over - 1 run, 2 hits, 0 errors, 3 left on base; Punta Cana 1 - Fort Collins 0 |
BOTTOM OF THE 1ST |
Fort Collins Commoners batting - Pitching for Punta Cana Hutias : RHP Greg McKee
|
Pitching: RHP Greg McKee
|
|
Batting: LHB Tony Chávez
|
0-0: Called Strike 0-1: Fly out, F8 (Flyball, 8LD)
|
Batting: RHB José González
|
0-0: Fly out, F8 (Flyball, 8RD)
|
Batting: RHB António Díaz
|
0-0: Ground out 6-3 (Groundball, 6)
|
Bottom of the 1st over - 0 runs, 0 hits, 0 errors, 0 left on base; Punta Cana 1 - Fort Collins 0 |
TOP OF THE 2ND |
Punta Cana Hutias batting - Pitching for Fort Collins Commoners : LHP Anderson Jackson
|
Batting: RHB Tony Pope
|
0-0: Foul Ball, location: 2F 0-1: Ball 1-1: Foul Ball, location: 2F 1-2: Strikes out looking
|
Batting: RHB Dave Stroud
|
0-0: Called Strike 0-1: DOUBLE (Groundball, 5L)
|
Batting: RHB Miguel Gutiérrez
|
0-0: Ball 1-0: SINGLE (Groundball, 56D) Dave Stroud to third Runner from 3rd tries for Home, SAFE, no throw
|
Batting: RHB Bill Valdéz
|
0-0: Called Strike 0-1: Foul Ball, location: 2F 0-2: DOUBLE (Flyball, 78D) Miguel Gutiérrez to third Runner from 3rd tries for Home, SAFE, no throw
|
Batting: LHB Norberto Garza
|
0-0: Foul Ball, location: 2F 0-1: Ball 1-1: Foul Ball, location: 2F 1-2: Strikes out swinging
|
Batting: RHB Thomas English
|
0-0: Called Strike 0-1: Ball 1-1: Swinging Strike 1-2: Strikes out swinging
|
Top of the 2nd over - 2 runs, 3 hits, 0 errors, 1 left on base; Punta Cana 3 - Fort Collins 0 |
BOTTOM OF THE 2ND |
Fort Collins Commoners batting - Pitching for Punta Cana Hutias : RHP Greg McKee
|
Batting: RHB David Brady
|
0-0: SINGLE (Line Drive, 34)
|
Batting: LHB Vernon Riley
|
0-0: Ball 1-0: Called Strike 1-1: Ball 2-1: Ball 3-1: Called Strike 3-2: SINGLE (Line Drive, 34D) David Brady to second Runner from 2nd tries for 3rd, SAFE, no throw
|
Batting: RHB Mike Harris
|
0-0: SINGLE (Flyball, 78S) David Brady scores Vernon Riley to second
|
Batting: RHB David Ramos
|
0-0: Ball 1-0: Called Strike 1-1: Foul Ball, location: 2F 1-2: Ball 2-2: Strikes out swinging
|
Batting: RHB Viriato Valdez
|
0-0: Ball 1-0: Ball 2-0: Called Strike 2-1: DOUBLE (Line Drive, 78D) Vernon Riley scores Mike Harris to third Runner from 3rd tries for Home, SAFE, no throw
|
Batting: RHB Lorenzo Oríz
|
0-0: Called Strike 0-1: SINGLE (Line Drive, 56D) Viriato Valdez to third Runner from 3rd tries for Home, SAFE, throw made home
|
Batting: LHB Tony Chávez
|
0-0: Called Strike 0-1: Ball Lorenzo Oríz steals 2nd base 1-1: Ball 2-1: Swinging Strike 2-2: Foul Ball, location: 2F 2-2: Foul Ball, location: 2F 2-2: Ball 3-2: Fly out, F7 (Flyball, 7S)
|
Batting: RHB José González
|
0-0: Ball 1-0: Ground out 6-3 (Groundball, 6)
|
Bottom of the 2nd over - 4 runs, 5 hits, 0 errors, 1 left on base; Punta Cana 3 - Fort Collins 4 |
TOP OF THE 3RD |
Punta Cana Hutias batting - Pitching for Fort Collins Commoners : LHP Anderson Jackson
|
Batting: RHB Stephen Welshman
|
0-0: Fly out, F9 (Flyball, 9LS)
|
Batting: SHB Roy Johnston
|
0-0: Ball 1-0: Foul Ball, location: 2F 1-1: Called Strike 1-2: Strikes out swinging
|
Pitching: RHP José Escalante
|
|
Batting: LHB Ramón Ávila
|
0-0: Foul Ball, location: 2F 0-1: Ball 1-1: Ball 2-1: Ball 3-1: Foul Ball, location: 2F 3-2: Foul Ball, location: 2F 3-2: Foul Ball, location: 2F 3-2: Ground out U3 (Groundball, 34S)
|
Top of the 3rd over - 0 runs, 0 hits, 0 errors, 0 left on base; Punta Cana 3 - Fort Collins 4 |
BOTTOM OF THE 3RD |
Fort Collins Commoners batting - Pitching for Punta Cana Hutias : RHP Greg McKee
|
Batting: RHB António Díaz
|
0-0: Foul Ball, location: 2F 0-1: Ball 1-1: Swinging Strike 1-2: Ball 2-2: Ground out 6-3 (Groundball, 6M)
|
Batting: RHB David Brady
|
0-0: Ball 1-0: Swinging Strike 1-1: Swinging Strike 1-2: Ground out 6-3 (Groundball, 56)
|
Batting: LHB Vernon Riley
|
0-0: Called Strike 0-1: Called Strike 0-2: Foul Ball, location: 2F 0-2: Ball 1-2: Strikes out looking
|
Bottom of the 3rd over - 0 runs, 0 hits, 0 errors, 0 left on base; Punta Cana 3 - Fort Collins 4 |
TOP OF THE 4TH |
Punta Cana Hutias batting - Pitching for Fort Collins Commoners : RHP José Escalante
|
Batting: RHB Tony Pope
|
0-0: Ball 1-0: Ball 2-0: Ground out 6-3 (Groundball, 6)
|
Batting: RHB Dave Stroud
|
0-0: Called Strike 0-1: Ball 1-1: Fly out, F8 (Flyball, 8RM)
|
Batting: RHB Miguel Gutiérrez
|
0-0: Swinging Strike 0-1: Swinging Strike 0-2: Ball 1-2: Foul Ball, location: 2F 1-2: Strikes out swinging
|
Top of the 4th over - 0 runs, 0 hits, 0 errors, 0 left on base; Punta Cana 3 - Fort Collins 4 |
BOTTOM OF THE 4TH |
Fort Collins Commoners batting - Pitching for Punta Cana Hutias : RHP Greg McKee
|
Batting: RHB Mike Harris
|
0-0: Ball 1-0: Ball 2-0: Fly out, F9 (Flyball, 9S)
|
Batting: RHB David Ramos
|
0-0: Ball 1-0: Foul Ball, location: 2F 1-1: Ball 2-1: Fly out, F7 (Flyball, 7D)
|
Batting: RHB Viriato Valdez
|
0-0: Ball 1-0: Foul Ball, location: 2F 1-1: Ball 2-1: Foul Ball, location: 2F 2-2: Fly out, F7 (Flyball, 7D)
|
Bottom of the 4th over - 0 runs, 0 hits, 0 errors, 0 left on base; Punta Cana 3 - Fort Collins 4 |
TOP OF THE 5TH |
Punta Cana Hutias batting - Pitching for Fort Collins Commoners : RHP José Escalante
|
Batting: RHB Bill Valdéz
|
0-0: Called Strike 0-1: Ball 1-1: Fly out, F3 (Popup, 3S)
|
Batting: LHB Norberto Garza
|
0-0: Foul Ball, location: 2F 0-1: Swinging Strike 0-2: Strikes out looking
|
Batting: RHB Thomas English
|
0-0: Called Strike 0-1: Ball 1-1: Ground out 5-3 (Groundball, 25)
|
Top of the 5th over - 0 runs, 0 hits, 0 errors, 0 left on base; Punta Cana 3 - Fort Collins 4 |
BOTTOM OF THE 5TH |
Fort Collins Commoners batting - Pitching for Punta Cana Hutias : RHP Greg McKee
|
Batting: RHB Lorenzo Oríz
|
0-0: Fly out, F7 (Line Drive, 7S)
|
Batting: LHB Tony Chávez
|
0-0: Ball 1-0: Called Strike 1-1: Ball 2-1: Foul Ball, location: 2F 2-2: Ball 3-2: Fly out, F7 (Line Drive, 7D)
|
Batting: RHB José González
|
0-0: Foul Ball, location: 2F 0-1: SINGLE (Groundball, 6) (infield hit)
|
Batting: RHB António Díaz
|
0-0: Ball 1-0: Foul Ball, location: 2F 1-1: Foul Ball, location: 2F 1-2: Fly out, F8 (Flyball, 89M)
|
Bottom of the 5th over - 0 runs, 1 hit, 0 errors, 1 left on base; Punta Cana 3 - Fort Collins 4 |
TOP OF THE 6TH |
Punta Cana Hutias batting - Pitching for Fort Collins Commoners : RHP José Escalante
|
Batting: RHB Stephen Welshman
|
0-0: Ball 1-0: Ball 2-0: Ball 3-0: Called Strike 3-1: Foul Ball, location: 2F 3-2: Base on Balls
|
Batting: SHB Roy Johnston
|
0-0: Called Strike 0-1: Foul Ball, location: 2F 0-2: Ball 1-2: Ball 2-2: Strikes out swinging
|
Batting: LHB Ramón Ávila
|
0-0: Ball 1-0: Ball 2-0: Ball 3-0: Called Strike 3-1: Fly out, F8 (Flyball, 8RS)
|
Batting: RHB Tony Pope
|
0-0: Ball 1-0: Ball 2-0: Called Strike 2-1: Fly out, F8 (Flyball, 8RD)
|
Top of the 6th over - 0 runs, 0 hits, 0 errors, 1 left on base; Punta Cana 3 - Fort Collins 4 |
BOTTOM OF THE 6TH |
Fort Collins Commoners batting - Pitching for Punta Cana Hutias : RHP Greg McKee
|
Batting: RHB David Brady
|
0-0: Called Strike 0-1: Ground out 5-3 (Groundball, 25)
|
Batting: LHB Vernon Riley
|
0-0: Ball 1-0: Ball 2-0: SINGLE (Groundball, 56D)
|
Batting: RHB Mike Harris
|
0-0: Called Strike 0-1: Foul Ball, location: 2F 0-2: Strikes out looking
|
Batting: RHB David Ramos
|
0-0: Ball 1-0: Foul Ball, location: 2F 1-1: Fly out, F8 (Flyball, 78S)
|
Bottom of the 6th over - 0 runs, 1 hit, 0 errors, 1 left on base; Punta Cana 3 - Fort Collins 4 |
TOP OF THE 7TH |
Punta Cana Hutias batting - Pitching for Fort Collins Commoners : RHP José Escalante
|
Batting: RHB Dave Stroud
|
0-0: Called Strike 0-1: Swinging Strike 0-2: Ball 1-2: Ball 2-2: Ball 3-2: Strikes out swinging
|
Batting: RHB Miguel Gutiérrez
|
0-0: Foul Ball, location: 2F 0-1: Ball 1-1: Foul Ball, location: 2F 1-2: Ball 2-2: Fly out, F8 (Flyball, 8RD)
|
Pitching: RHP Jonathan Warner
|
|
Batting: RHB Bill Valdéz
|
0-0: Foul Ball, location: 2F 0-1: Swinging Strike 0-2: Ball 1-2: Strikes out swinging
|
Top of the 7th over - 0 runs, 0 hits, 0 errors, 0 left on base; Punta Cana 3 - Fort Collins 4 |
BOTTOM OF THE 7TH |
Fort Collins Commoners batting - Pitching for Punta Cana Hutias : RHP Greg McKee
|
Batting: RHB Viriato Valdez
|
0-0: Called Strike 0-1: Ball 1-1: Swinging Strike 1-2: Ball 2-2: Strikes out looking
|
Batting: RHB Lorenzo Oríz
|
0-0: Foul Ball, location: 2F 0-1: Swinging Strike 0-2: Ground out 6-3 (Groundball, 56)
|
Batting: LHB Tony Chávez
|
0-0: Ball 1-0: Swinging Strike 1-1: Ball 2-1: Foul Ball, location: 2F 2-2: Foul Ball, location: 2F 2-2: Foul Ball, location: 2F 2-2: Ball 3-2: Foul Ball, location: 2F 3-2: Base on Balls
|
Pitching: LHP Arthur Warren
|
|
Batting: RHB José González
|
0-0: Called Strike 0-1: Foul Ball, location: 2F 0-2: Ball 1-2: Fly out, F7 (Flyball, 7D)
|
Bottom of the 7th over - 0 runs, 0 hits, 0 errors, 1 left on base; Punta Cana 3 - Fort Collins 4 |
TOP OF THE 8TH |
Punta Cana Hutias batting - Pitching for Fort Collins Commoners : RHP Jonathan Warner
|
Pitching: LHP Emílio De Jesús
|
|
Now at 2B: David Gómez
|
|
Batting: LHB Norberto Garza
|
0-0: Ball 1-0: Called Strike 1-1: Ball 2-1: Fly out, F8 (Flyball, 78D)
|
Pitching: RHP Vicente Castro
|
|
Batting: RHB Thomas English
|
0-0: Ball 1-0: Ball 2-0: Called Strike 2-1: Swinging Strike 2-2: Reached on error, E1 (Groundball, 15S)
|
Pinch Hitting: LHB Tony Ríos
|
0-0: Called Strike 0-1: Ball 1-1: Ball 2-1: Called Strike 2-2: Ball 3-2: Foul Ball, location: 2F 3-2: 2-RUN HOME RUN (Flyball, 9LD), Distance : 364 ft
|
Pitching: RHP Alfredo Escamilla
|
|
Batting: SHB Roy Johnston
|
0-0: Foul Ball, location: 2F 0-1: Swinging Strike 0-2: Fly out, F8 (Flyball, 78S)
|
Batting: LHB Ramón Ávila
|
0-0: Ball 1-0: Ball 2-0: Ball 3-0: Called Strike 3-1: Called Strike 3-2: Strikes out swinging
|
Top of the 8th over - 2 runs, 1 hit, 1 error, 0 left on base; Punta Cana 5 - Fort Collins 4 |
BOTTOM OF THE 8TH |
Fort Collins Commoners batting - Pitching for Punta Cana Hutias : LHP Arthur Warren
|
Now at C: Juan Alaniz
|
|
Now in LF: Tony Ríos
|
|
Batting: RHB António Díaz
|
0-0: Called Strike 0-1: SINGLE (Line Drive, 7D)
|
Batting: RHB David Brady
|
0-0: Ball 1-0: Ball 2-0: Ball 3-0: Base on Balls António Díaz to second
|
Batting: LHB Vernon Riley
|
0-0: Called Strike 0-1: Ball 1-1: Ball 2-1: Fielders Choice at 2nd, 1-6 (Groundball, 13S) António Díaz to third
|
Batting: RHB Mike Harris
|
0-0: Swinging Strike 0-1: Ball 1-1: Ball 2-1: Called Strike 2-2: Strikes out looking
|
Batting: RHB David Ramos
|
0-0: Ball 1-0: Swinging Strike 1-1: Swinging Strike 1-2: Foul Ball, location: 2F 1-2: Strikes out looking
|
Bottom of the 8th over - 0 runs, 1 hit, 0 errors, 2 left on base; Punta Cana 5 - Fort Collins 4 |
TOP OF THE 9TH |
Punta Cana Hutias batting - Pitching for Fort Collins Commoners : RHP Alfredo Escamilla
|
Batting: RHB Tony Pope
|
0-0: Called Strike 0-1: Ball 1-1: Swinging Strike 1-2: Strikes out swinging
|
Batting: RHB Dave Stroud
|
0-0: Foul Ball, location: 2F 0-1: Ball 1-1: Ball 2-1: Called Strike 2-2: Foul Ball, location: 2F 2-2: Strikes out swinging
|
Batting: RHB Miguel Gutiérrez
|
0-0: Called Strike 0-1: Ball 1-1: Swinging Strike 1-2: Foul Ball, location: 2F 1-2: Foul Ball, location: 2F 1-2: Ball 2-2: Foul Ball, location: 2F 2-2: Strikes out looking
|
Top of the 9th over - 0 runs, 0 hits, 0 errors, 0 left on base; Punta Cana 5 - Fort Collins 4 |
BOTTOM OF THE 9TH |
Fort Collins Commoners batting - Pitching for Punta Cana Hutias : LHP Arthur Warren
|
Pitching: RHP Andrew Shannon
|
|
Batting: LHB David Gómez
|
0-0: Ball 1-0: Ball 2-0: Called Strike 2-1: Ball 3-1: SINGLE (Line Drive, 89M)
|
Pinch Hitting: LHB José Valenzuela
|
0-0: Ball 1-0: Swinging Strike 1-1: Swinging Strike 1-2: Strikes out swinging
|
Batting: LHB Tony Chávez
|
0-0: Ball 1-0: Called Strike 1-1: Ball 2-1: Foul Ball, location: 2F 2-2: Fly out, F5 (Popup, 5SF)
|
Pinch Hitting: SHB Tom Stewart
|
0-0: Foul Ball, location: 2F 0-1: Ground out 4-3 (Groundball, 34)
|
Bottom of the 9th over - 0 runs, 1 hit, 0 errors, 1 left on base; Punta Cana 5 - Fort Collins 4 |
|